 Dungeon Crawl Stone Soup version 0.24-a0-335-g06ca16a (webtiles) character file.

Game seed: 11651942107632314021

4 mhoghedin the Skirmisher (level 1, 0/18 HPs)
             Began as a Mummy Monk on May 18, 2019.
             Slain by a bat (1 damage)
             ... on level 1 of the Dungeon.
             The game lasted 00:00:27 (65 turns).

mhoghedin the Skirmisher (Mummy Monk)                 Turns: 65, Time: 00:00:29

Health: 0/18       AC:  2    Str: 14    XL:     1   Next: 50%
Magic:  1/1        EV: 13    Int:  9    God:
Gold:   0          SH:  0    Dex: 14    Spells: 0/0 levels left

rFire    x . .     SeeInvis .   a - +0 short sword
rCold    + . .     Gourm    .   (no shield)
rNeg     + + +     Faith    .   b - +0 robe
rPois    ∞         Spirit   .   (no helmet)
rElec    .         Reflect  .   (no cloak)
rCorr    .         Harm     .   (no gloves)
MR       .....                  (no boots)
Stlth    ++........             (no amulet)
HPRegen  0.06/turn              (no ring)
MPRegen  0.07/turn              (no ring)

@: no status effects
A: no food or potions, fire vulnerability, cold resistance 1, negative energy
resistance 3, torment resistance, unbreathing
a: no special abilities


You were on level 1 of the Dungeon.
You were not hungry.

You visited 1 branch of the dungeon, and saw 1 of its levels.

Inventory:

Hand Weapons
 a - a +0 short sword (weapon)
Armour
 b - a +0 robe (worn)
Scrolls
 c - a scroll of teleportation {unknown}


   Skills:
 - Level 3.0 Fighting
 - Level 2.4 Short Blades
 - Level 2.4 Dodging
 + Level 2.0 Stealth


You couldn't memorise any spells.
You didn't know any spells.
Your spell library was empty.

Dungeon Overview and Level Annotations

Branches:
Dungeon (1/15)

Altars:


Innate Abilities, Weirdness & Mutations

You do not eat or drink.
Your flesh is vulnerable to fire.
You are immune to poison.
Your flesh is cold resistant. (rC+)
You are immune to negative energy. (rN+++)
You are immune to unholy pain and torment.
You can survive without breathing.


Message History

No target in view!
No target in view!
A bat comes into view.
A bat is nearby!
The bat misses you.
You hit the bat. The bat hits you but does no damage.
You hit the bat. The bat closely misses you.
You miss the bat. The bat barely misses you.
You hit the bat.
You kill the bat!
No target in view!
No target in view!
No target in view!
No target in view!
No target in view!
No target in view!
No target in view!
No target in view!
No target in view!
No target in view!
No target in view!
A bat and a goblin come into view.
There are monsters nearby!
The bat hits you but does no damage.
You closely miss the bat.
The goblin shouts!
The bat hits you.
You take 1 damage, and have 17/18 hp.
You hit the goblin.
You kill the goblin!
The bat barely misses you.
A goblin comes into view. It is wielding a +0 dagger.
The bat barely misses you. The goblin hits you with a +0 dagger.
Things that are here:
a +0 club; a goblin corpse You barely miss the goblin.
The bat misses you. The bat barely misses you.
The goblin hits you with a +0 dagger.
You take 7 damage, and have 10/18 hp.
MASSIVE DAMAGE!!
The bat misses you. The bat hits you but does no damage.
You closely miss the bat. The bat completely misses you.
You hit the goblin. The goblin hits you with a +0 dagger.
You take 1 damage, and have 10/18 hp.
You hit the goblin. The goblin hits you with a +0 dagger.
You take 3 damage, and have 7/18 hp.
You hit the goblin but do no damage. The goblin barely misses you.
You hit the goblin.
You kill the goblin!
Your Stealth skill increases to level 2!
The bat closely misses you. The bat misses you. The bat barely misses you.
Items here: )) †† a +0 dagger; a +0 club; a goblin corpse x2
The bat closely misses you. The bat hits you but does no damage.
The bat closely misses you.
You completely miss the bat. The bat closely misses you. The bat misses you.
The bat hits you but does no damage.
You barely miss the bat. The bat barely misses you. The bat hits you.
You take 1 damage, and have 6/18 hp.
The bat hits you but does no damage.
Items here: )) †† a +0 dagger; a +0 club; a goblin corpse x2
The bat completely misses you. The bat closely misses you. The bat misses you.
Items here: )) †† a +0 dagger; a +0 club; a goblin corpse x2
The bat barely misses you. The bat hits you.
Items here: )) †† a +0 dagger; a +0 club; a goblin corpse x2
You take 1 damage, and have 6/18 hp.
The bat closely misses you. The bat hits you but does no damage.
Items here: )) †† a +0 dagger; a +0 club; a goblin corpse x2
The bat barely misses you. The bat hits you.
* * * LOW HITPOINT WARNING * * *
You take 1 damage, and have 5/18 hp.
You barely miss the bat. The bat hits you.
* * * LOW HITPOINT WARNING * * *
You take 1 damage, and have 4/18 hp.
The bat hits you but does no damage.
You hit the bat but do no damage. The bat hits you.
* * * LOW HITPOINT WARNING * * *
The bat hits you.
* * * LOW HITPOINT WARNING * * *
The bat closely misses you.
You take 2 damage, and have 2/18 hp.
You completely miss the bat. The bat hits you.
* * * LOW HITPOINT WARNING * * *
You take 1 damage, and have 1/18 hp.
You barely miss the bat. The bat closely misses you.
You barely miss the bat. The bat completely misses you.
The bat hits you but does no damage. The bat barely misses you.
You miss the bat. The bat hits you.
You die...

#.# #.# #.# #.#
#.######.#####
.######.##...#.#...####
................# ...#
#...........#†## ... #
#.#.#.#.#...##.##.#
#.##)#.#b##...####..##
#.......@##.#######..#
##......######.......#
#.#.........##≈≈≈#'.#
#.##......#.....#.# #.
#......≈..<..≈.# ..
#...!..≈..⌠..§.# ##.
#......#.§...#.# .#
###≈≈≈###≈≈≈#### #
....#§§§..


You could see a bat.

Vanquished Creatures
  A bat (D:1)
  2 goblins (D:1)
  A rat (D:1)
4 creatures vanquished.

Notes
Turn   | Place    | Note
-------+----------+-------------------------------------------
     0 | D:1      | mhoghedin the Mummy Monk began the quest for the Orb.
     0 | D:1      | Reached XP level 1. HP: 18/18 MP: 1/1
    38 | D:1      | Reached skill level 2 in Stealth
    56 | D:1      | HP: 4/18 [bat (1)]
    59 | D:1      | HP: 1/18 [bat (1)]
    65 | D:1      | Slain by a bat

Levels and vault maps discovered:
D:1:      dpeg_arrival_rooms_with_view, layout_loops_ring, glass_columns_c,
          minmay_pentomino_p4

Skill      XL: |  1 |
---------------+----+-----
Stealth        | 2 |  2.0
Fighting       | |  3.0
Short Blades   | |  2.4
Dodging        | |  2.4

Action                   || total
-------------------------++-------
Melee: Short sword       ||    21
Armor: Robe              ||     9
Dodge: Dodged            ||    28

Table legend:
 A = Non-vault XP
 B = Vault XP
 C = Vault XP percentage of total XP
 D = Non-vault monster count
 E = Vault monster count
 F = Vault count percentage of total count
                 A         B        C        D         E       F
            +---------+---------+-------+---------+---------+-------
      Total |       6 |       0 |   0.0 |       4 |       0 |   0.0
            +---------+---------+-------+---------+---------+-------
        D:1 |       6 |       0 |   0.0 |       4 |       0 |   0.0
            +---------+---------+-------+---------+---------+-------

Levels and vault maps discovered:
D:1:      dpeg_arrival_rooms_with_view, layout_loops_ring, glass_columns_c,
          minmay_pentomino_p4

Table legend:
 A = Turns spent in this place as a percentage of turns spent in the entire game.
 B = Non-inter-level travel turns spent in this place as a percentage of non-inter-level travel turns spent in the entire game.
 C = Inter-level travel turns spent in this place as a percentage of turns spent in this place.
 D = Turns resting spent in this place as a percentage of non-inter-level travel turns spent in this place.
 E = Turns spent auto-exploring this place as a percentage of non-inter-level travel turns spent in this place.
 F = Non-inter-level travel turns spent in this place divided by the number of levels of this place that you've seen.
                   A       B       C       D       E      F
               +-------+-------+-------+-------+-------+----------------------
         Total | 100.0 | 100.0 |   0.0 |   0.0 |  24.6 |  65.0
       Dungeon | 100.0 | 100.0 |   0.0 |   0.0 |  24.6 |  65.0
               +-------+-------+-------+-------+-------+----------------------

Table legend:
 A = Kills in this place as a percentage of kills in entire the game.
 B = Kills by you in this place as a percentage of kills by you in the entire game.
 C = Kills by friends in this place as a percentage of kills by friends in the entire game.
 D = Other kills in this place as a percentage of other kills in the entire game.
 E = Experience gained in this place as a percentage of experience gained in the entire game.
 F = Experience gained in this place divided by the number of levels of this place that you have seen.
                   A       B       C       D       E      F
               +-------+-------+-------+-------+-------+----------------------
         Total | 100.0 | 100.0 |   N/A |   N/A | 100.0 |   6.0
       Dungeon | 100.0 | 100.0 |   N/A |   N/A | 100.0 |   6.0
               +-------+-------+-------+-------+-------+----------------------
